 Dungeon Crawl Stone Soup version 0.26.1-11-gd32895ea62 (webtiles) character file.

Game seed: 366439772838632534

687 bnorton916 the Magician (level 7, -3/36 HPs)
             Began as a Deep Elf Ice Elementalist on July 7, 2021.
             Splashed by a jelly's acid (8 damage)
             ... on level 5 of the Dungeon.
             The game lasted 00:08:07 (5552 turns).

bnorton916 the Magician (Deep Elf Ice Elementalist) Turns: 5552, Time: 00:08:08

Health: -3/36      AC: -1    Str:  5    XL:     7   Next: 35%
Magic:  19/19      EV: 13    Int: 28    God:
Gold:   222        SH:  0    Dex: 15    Spells: 5/20 levels left

rFire    . . .     SeeInvis .   e - +2 dagger (flame)
rCold    . . .     Faith    +   (no shield)
rNeg     . . .     Spirit   .   a - +0 robe
rPois    .         Reflect  .   j - +0 helmet
rElec    .         Harm     .   (no cloak)
rCorr    .         Rampage  .   y - +1 pair of gloves
Will     .....                  F - +0 pair of boots
Stlth    ++........             n - amulet of faith
HPRegen  0.12/turn              q - +6 ring of intelligence
MPRegen  0.16/turn              (no ring)

@: corroded
A: no striking features
a: no special abilities


You were on level 5 of the Dungeon.
You visited 1 branch of the dungeon, and saw 5 of its levels.
You also visited: Sewer.

You collected 222 gold pieces.

Inventory:

Hand Weapons
 e - a +2 dagger of flaming (weapon)
 f - a +2 dagger of venom
 A - a +0 shortbow
Missiles
 c - 219 stones (quivered)
 B - 23 arrows
Armour
 a - a +0 robe (worn)
 j - a +0 helmet (worn)
 l - a +0 kite shield
 t - a +0 troll leather armour {Purgy}
 y - a +1 pair of gloves (worn)
 F - a +0 pair of boots (worn)
Jewellery
 n - an amulet of faith (around neck)
 q - a +6 ring of intelligence (left hand)
Scrolls
 d - a scroll of teleportation
 g - 3 scrolls of remove curse
 h - 4 scrolls of identify
 i - 5 scrolls of fear {unknown}
 k - a scroll of noise
 w - a scroll of random uselessness {unknown}
 x - a scroll of fog {unknown}
 C - a scroll of immolation {unknown}
 E - a scroll of enchant weapon {unknown}
Potions
 b - 4 potions of curing
 m - 2 potions of lignification
 o - a potion of magic {unknown}
 p - a potion of heal wounds {unknown}
 r - 3 potions of attraction {unknown}
 s - a potion of degeneration {unknown}
 u - 2 potions of mutation {unknown}
 v - a potion of cancellation {unknown}
 z - a potion of might {unknown}
 D - a potion of invisibility {unknown}


   Skills:
 + Level 2.2 Armour
 - Level 2.4 Dodging
 - Level 2.4 Stealth
 - Level 7.2 Spellcasting
 + Level 1.4 Conjurations
 + Level 1.4 Summonings
 - Level 7.0 Ice Magic


You had 5 spell levels left.
You knew the following spells:

 Your Spells              Type           Power        Failure   Level
a - Freeze                Ice            100%         1%          1
b - Frozen Ramparts       Ice            98%          1%          3
c - Ozocubu's Armour      Ice            49%          1%          3
d - Hailstorm             Conj/Ice       34%          10%         4
e - Summon Ice Beast      Ice/Summ       33%          10%         4

Your spell library contained the following spells:

 Spells                   Type           Power        Failure   Level


Dungeon Overview and Level Annotations

Branches:
Dungeon (5/15)              Sewer (visited)
 Temple: D:4-7

Altars:
Nemelex Xobeh
Qazlal


Message History

You hit the jelly. You burn the jelly. The acid corrodes you!
Your hands burn!
The jelly is moderately wounded.
The jelly hits you but does no damage.
You hit the jelly but do no damage.
Your hands burn!
The jelly is moderately wounded.
The jelly closely misses you.
You hit the jelly. You burn the jelly.
Your hands burn!
The jelly is heavily wounded.
The jelly hits you.
You are splashed with acid.
You hit the jelly. You burn the jelly. The acid corrodes you!
Your hands burn!
The jelly is severely wounded.
The jelly hits you.
You are splashed with acid!
* * * LOW HITPOINT WARNING * * *
You hit the jelly but do no damage.
Your hands burn!
* * * LOW HITPOINT WARNING * * *
The jelly is severely wounded.
The jelly hits you.
* * * LOW HITPOINT WARNING * * *
You are splashed with acid!
You die...

[....#.#.#.#.#..........#
.....#.#...#.#..........#
.....#.#####.#..........#
.....#.......###+########
#.#####............ #.#
#............ #.#
#............ #.#
#............ #..
#....@J...... ###
#............
...............
......########.. ..!...#
. ...... ...... ...


You could see a jelly.

Vanquished Creatures
  Purgy (Sewer)
  A centaur (D:4)
  2 orc priests
  An iguana (D:4)
  A worker ant (D:4)
  8 orc wizards
  3 gnolls (D:5)
  2 howler monkey skeletons (D:4)
  2 adders
  A shadow imp (D:4)
  An ufetubus (D:5)
  2 worms (D:3)
  A dart slug (D:1)
  2 leopard geckos (D:2)
  18 orcs
  9 bats
  2 giant cockroaches
  4 goblins
  11 hobgoblins
  6 jackals
  2 frilled lizards
  9 kobolds
  8 rats
97 creatures vanquished.

Notes
Turn   | Place    | Note
-------+----------+-------------------------------------------
     0 | D:1      | bnorton916 the Deep Elf Ice Elementalist began the quest
                  | for the Orb.
     0 | D:1      | Reached XP level 1. HP: 10/10 MP: 6/6
   162 | D:1      | Reached XP level 2. HP: 5/15 MP: 2/8
   867 | D:1      | Found a sparkling altar of Nemelex Xobeh.
  1081 | D:2      | Reached skill level 5 in Ice Magic
  1081 | D:2      | Reached XP level 3. HP: 19/19 MP: 8/10
  1090 | D:2      | Learned a level 3 spell: Frozen Ramparts
  2090 | D:3      | Reached XP level 4. HP: 13/24 MP: 6/12
  2092 | D:3      | Reached skill level 5 in Spellcasting
  2107 | D:3      | Reached XP level 5. HP: 14/28 MP: 2/15
  2168 | D:3      | Found a glowing drain.
  2189 | Sewer    | Entered a sewer
  2807 | Sewer    | Noticed Purgy
  2817 | Sewer    | Killed Purgy
  2818 | Sewer    | Reached XP level 6. HP: 32/32 MP: 10/17
  3213 | D:3      | Found a stormy altar of Qazlal.
  3925 | D:4      | Reached skill level 1 in Armour
  4530 | D:5      | Entered Level 5 of the Dungeon
  4534 | D:5      | Reached XP level 7. HP: 36/36 MP: 14/19
  4730 | D:4      | Learned a level 3 spell: Ozocubu's Armour
  4735 | D:4      | Learned a level 4 spell: Hailstorm
  4740 | D:4      | Learned a level 4 spell: Summon Ice Beast
  5231 | D:4      | Reached skill level 1 in Conjurations
  5232 | D:4      | Reached skill level 1 in Summonings
  5552 | D:5      | Splashed by a jelly's acid

Illustrated notes

Levels and vault maps discovered:
D:1:      onia_arrival_pyramid, layout_rooms, chequers_decorated_corner,
          nemelex_altar_shiori
D:2:      layout_loops_ring
D:3:      layout_rooms, portal_sewer_entry_a, grunt_qazlal_sundering
D:4:      layout_loops_corners
D:5:      layout_gridville, lemuel_zombie_altar_yredelemnul, basic_altar,
          roderic_lattice_a, chequers_serial_rivers_micro_d, fedhas_altar_3

Skill      XL: |  1  2  3  4  5  6  7 |
---------------+----------------------+-----
Spellcasting   | 4 5 6 7 |  7.2
Ice Magic      | 5 6 7 |  7.0
Armour         | 1 2 |  2.2
Conjurations   | 1 |  1.4
Summonings     | 1 |  1.4
Dodging        | |  2.4
Stealth        | |  2.4

Action                   |  1- 3 |  4- 6 |  7- 9 || total
-------------------------+-------+-------+-------++-------
Melee: Dagger            |    26 |    30 |    18 ||    74
Throw: Stone             |     4 |       |       ||     4
 Cast: Freeze            |    36 |    19 |    11 ||    66
       Frozen Ramparts   |     2 |    10 |     5 ||    17
  Use: Scroll            |     6 |       |       ||     6
       Potion            |       |     1 |       ||     1
 Stab: Sleeping          |     6 |     1 |       ||     7
Armor: Robe              |    11 |     7 |    10 ||    28
       Skin              |       |     5 |       ||     5
Dodge: Dodged            |    40 |    41 |    48 ||   129
